 Dungeon Crawl Stone Soup version 0.18-a0-1721-gc4d1f22 (webtiles) character file.

4521 zarick13 the Transmogrifier (level 10, -7/99 HPs)
             Began as an Octopode Transmuter on Apr 9, 2016.
             Was a Follower of Yredelemnul.
             Splashed by a jelly's acid (8 damage)
             ... on level 8 of the Dungeon.
             The game lasted 00:27:01 (10398 turns).

zarick13 the Transmogrifier (Octopode Transmuter)  Turns: 10398, Time: 00:27:04

Health: -7/99      AC:  1    Str: 18    XL:     10   Next: 39%
Magic:  10/14      EV: 12    Int: 16    God:    Yredelemnul [*.....]
Gold:   396        SH:  0    Dex: 12    Spells: 2 memorised, 5 levels left

rFire  + . .     SeeInvis +       - Unarmed
rCold  . . .     Gourm    .     (shield currently unavailable)
rNeg   . . .     Faith    .     (helmet restricted)
rPois  .         Spirit   .     h - amulet of rage
rElec  .         Dismiss  .     m - ring of protection from fire
rCorr  .         Reflect  .     D - ring of see invisible
SustAt .         Harm     .     (no ring)
MR     .....                    (no ring)
Stlth  ..........               (no ring)
                                (no ring)
                                (no ring)
                                (no ring)

@: berserking, lethally poisoned (-7 -> -9), blade tentacles, very quick, not
resistant to hostile enchantments, extremely unstealthy
A: almost no armour, amphibious, 8 rings, constrict 8, camouflage 1, gelatinous
body 1
a: End Transformation, Animate Remains, Renounce Religion, Evoke Berserk Rage


You were on level 8 of the Dungeon.
You worshipped Yredelemnul.
Yredelemnul was aware of your devotion.
You were not hungry.
You had blades for tentacles.
You visited 2 branches of the dungeon, and saw 9 of its levels.
You also visited: Ossuary.

You collected 396 gold pieces.

Inventory:

Missiles
 a - 112 arrows
 i - 21 arrows of flame
 n - 2 throwing nets (quivered)
Magical Staves
 C - an uncursed staff of earth
Jewellery
 h - an amulet of rage (around mantle)
 m - a ring of protection from fire (left scythe-like blade)
 D - a ring of see invisible (right scythe-like blade)
Wands
 p - a wand of heal wounds (6/9)
 t - a wand of heal wounds (3/9)
Scrolls
 e - 4 scrolls of immolation
 g - 2 scrolls of teleportation
 j - 2 scrolls of remove curse
 u - 3 scrolls of enchant weapon
 v - a scroll of enchant armour
 y - 2 scrolls of amnesia
 z - a scroll of silence
 A - a scroll of fear
 B - a scroll of recharging
Potions
 d - a potion of heal wounds
 k - 5 potions of brilliance
 l - 3 potions of lignification
 o - 2 potions of flight
 q - a potion of cure mutation {unknown}
 r - a potion of resistance {unknown}
 s - 2 potions of beneficial mutation {unknown}
 w - a potion of cancellation {unknown}
 x - 4 potions of curing
Books
 b - a book of Changes

   Spells                             Type                      Level
   a - Beastly Appendage              Transmutation                1
   b - Sticks to Snakes               Transmutation                2
   c - Spider Form                    Transmutation/Poison         3
   d - Ice Form                       Ice/Transmutation            4
   e - Blade Hands                    Transmutation                5
Comestibles
 c - 2 bread rations
 f - 4 meat rations


   Skills:
 - Level 5.2 Fighting
 - Level 2.0 Dodging
 - Level 8.2 Unarmed Combat
 - Level 2.0 Spellcasting
 - Level 10.0 Transmutations
 - Level 2.0 Poison Magic
 * Level 6.4 Invocations
 - Level 0.4 Evocations


You had 5 spell levels left.
You knew the following spells:

 Your Spells              Type           Power        Failure   Level  Hunger
a - Blade Hands           Trmt           ####......   50%         5    ######.
b - Spider Form           Trmt/Pois      ###.......   36%         3    ###....


Dungeon Overview and Level Annotations

Branches:
Dungeon (8/15)             Temple (1/1) D:5
   Lair: D:8-11

Altars:
Ashenzari
Cheibriados
Dithmenos
Makhleb
Nemelex Xobeh
Pakellas
Ru
Sif Muna
Trog
Vehumet
Yredelemnul
Zin
The Shining One

Shops:
D:6 *

Annotations:
D:8 Joseph, Maurice


Innate Abilities, Weirdness & Mutations

You cannot wear most types of armour.
You are amphibious.
You can wear up to eight rings at the same time.
You can use your tentacles to constrict eight enemies at once.
Your skin changes colour to match your surroundings (Stealth).
Your rubbery body absorbs attacks (AC +1).


Message History

The killer bee stings you.
* * * LOW HITPOINT WARNING * * *
You hear a slurping noise.
The jelly closely misses you.
Unknown command.
You barely miss the killer bee. Your grab misses the killer bee.
The killer bee misses you.
The gnoll hits you from afar with a spear.
* * * LOW HITPOINT WARNING * * *
A killer bee comes into view.
Unknown command.
You slash the killer bee! Your grab misses the killer bee.
You squeeze the killer bee.
You kill the killer bee!
Yredelemnul accepts your kill.
You feel sick. The jelly hits you.
* * * LOW HITPOINT WARNING * * *
You are splashed with acid!
The acid burns!
You die...
Your body rises from the dead as a mindless zombie.

##.).## .....
..... ...
######## ...
....... . #.#
#.#...#..
#.###........
#@##.........
.##yJ#.........
..@Y.g@........
...Oh..<.......
#.
..##.#Z...#....
#.# ...#.y...###
. ....
....#.#....
...####$.Z......
#..###...(.....


You could see Joseph, Maurice (invisible), a two-headed ogre, a sky beast
(invisible), a howler monkey, a jelly, 2 killer bees, a gnoll and a wyvern
zombie.

Vanquished Creatures
  The ghost of zarick13 the Gusty, an amateur DgAE (Ossuary)
  Sigmund (D:2)
  3 yaks (D:6)
  A hippogriff (D:7)
  A hungry ghost (D:8)
  Menkaure (D:4)
  Duvessa (D:4)
  A water moccasin (D:6)
  A sky beast (D:4)
  An orc warrior (D:7)
  4 ogres
  4 centaurs
  Blork the orc (D:5)
  2 giant frogs
  Dowan (D:4)
  4 water moccasin zombies (Ossuary)
  7 killer bees
  2 howler monkeys
  A crimson imp (D:7)
  2 centaur zombies
  A quasit (D:7)
  A giant frog zombie (D:5)
  A hound (D:6)
  2 jellies (D:5)
  Crazy Yiuf (D:4)
  9 orc priests
  10 orc wizards
  A centaur skeleton (D:6)
  An iguana (D:3)
  4 worker ants
  2 big kobold zombies (Ossuary)
  3 mummies
  A worker ant zombie (D:5)
  8 adders
  8 gnolls
  4 oozes
  5 adder zombies
  3 worms
  7 dart slugs
  7 giant geckos
  34 orcs
  3 bats
  9 giant cockroaches
  4 gnoll zombies (Ossuary)
  5 goblins
  6 hobgoblins
  11 jackals
  11 kobolds
  3 quokkas
  2 ball pythons (D:3)
  A giant gecko skeleton (D:7)
  9 giant newts
  2 hobgoblin zombies (Ossuary)
  8 kobold zombies (Ossuary)
  5 orc zombies (Ossuary)
  9 rats
241 creatures vanquished.

Vanquished Creatures (collateral kills)
  A phantom (D:7)
  An orc priest (D:7)
  An orc (D:7)
3 creatures vanquished.

Vanquished Creatures (others)
  2 ogre zombies (D:7)
  An orc zombie (Ossuary)
  A quokka skeleton (D:8)
4 creatures vanquished.

Grand Total: 248 creatures vanquished

Notes
Turn   | Place    | Note
--------------------------------------------------------------
     0 | D:1      | zarick13 the Octopode Transmuter began the quest for the Orb.
     0 | D:1      | Reached XP level 1. HP: 13/13 MP: 3/3
   143 | D:1      | Reached XP level 2. HP: 18/18 MP: 5/5
   793 | D:1      | Reached XP level 3. HP: 18/23 MP: 4/6
   804 | D:1      | Learned a level 3 spell: Spider Form
  1327 | D:2      | Reached XP level 4. HP: 26/28 MP: 7/7
  1612 | D:2      | Noticed Sigmund
  1615 | D:2      | Reached skill level 5 in Unarmed Combat
  1630 | D:2      | Killed Sigmund
  1630 | D:2      | Reached XP level 5. HP: 25/33 MP: 5/8
  1630 | D:2      | Reached XP level 6. HP: 29/38 MP: 5/9
  1920 | D:2      | Found a glowing golden altar of the Shining One.
  2839 | D:3      | Reached skill level 1 in Poison Magic
  3591 | D:3      | Reached XP level 7. HP: 41/43 MP: 7/10
  3603 | D:3      | Reached skill level 3 in Transmutations
  3687 | D:4      | Reached skill level 4 in Transmutations
  3964 | D:4      | Got an ichor-stained shield
  3970 | D:4      | Identified the cursed +0 shield of the Sky {rElec Str-2 Dex-5 Stlth+} (You found it on level 4 of the Dungeon)
  4163 | D:4      | Noticed Dowan
  4172 | D:4      | Noticed Duvessa
  4184 | D:4      | Killed Duvessa
  4184 | D:4      | Reached skill level 5 in Transmutations
  4189 | D:4      | Killed Dowan
  4189 | D:4      | Reached XP level 8. HP: 43/48 MP: 8/11
  4329 | D:4      | Reached skill level 6 in Transmutations
  4351 | D:4      | Noticed Crazy Yiuf
  4358 | D:4      | Killed Crazy Yiuf
  4424 | D:4      | Noticed Menkaure
  4431 | D:4      | Killed Menkaure
  4431 | D:4      | Reached skill level 7 in Transmutations
  4661 | D:4      | Found an oddly glowing altar of Pakellas.
  4773 | D:4      | Found a burning altar of Makhleb.
  4875 | D:4      | Found a deep blue altar of Sif Muna.
  4890 | D:5      | Entered Level 5 of the Dungeon
  5038 | D:5      | Found a sand-covered staircase.
  5048 | D:5      | Reached skill level 8 in Transmutations
  5172 | Ossuary  | Entered an ossuary
  5177 | Ossuary  | Noticed zarick13's ghost (amateur DgAE)
  5684 | Ossuary  | Killed zarick13's ghost
  5684 | Ossuary  | Reached skill level 9 in Transmutations
  5684 | Ossuary  | Reached XP level 9. HP: 48/53 MP: 10/12
  6061 | D:5      | Found a bloodstained altar of Trog.
  6093 | D:5      | Found a shadowy altar of Dithmenos.
  6207 | D:5      | Found a staircase to the Ecumenical Temple.
  6286 | Temple   | Entered the Ecumenical Temple
  6324 | Temple   | Became a worshipper of Yredelemnul the Dark
  6510 | D:5      | Noticed Blork the orc
  6521 | D:5      | Killed Blork the orc
  6523 | D:5      | Reached skill level 10 in Transmutations
  6793 | D:5      | Learned a level 5 spell: Blade Hands
  6912 | D:6      | Found a sparkling altar of Nemelex Xobeh.
  7186 | D:6      | Found Zin's Purification Station.
  7187 | D:6      | Found a glowing silver altar of Zin.
  7349 | D:6      | HP: 2/53 [orc priest/divine providence (14)]
  8778 | D:7      | Reached skill level 5 in Fighting
  8782 | D:7      | Reached * piety under Yredelemnul
  8894 | D:7      | Reached skill level 1 in Invocations
  8894 | D:7      | Reached XP level 10. HP: 54/66 MP: 7/13
  9164 | D:7      | Found a radiant altar of Vehumet.
  9309 | D:8      | Noticed Joseph
 10033 | D:7      | Reached skill level 5 in Invocations
 10354 | D:8      | Noticed Maurice
 10398 | D:8      | HP: 4/99 [poisoned by a killer bee]
 10398 | D:8      | HP: 1/99 [jelly (3)]
 10398 | D:8      | Splashed by a jelly's acid

Vault maps used:
D:1:      dpeg_arrival_snail, minmay_cupped
D:2:      tso_altar, serial_bayou, serial_bayou_pond_c, serial_bayou_ford_a,
          serial_bayou_lagoon_a, serial_bayou_pond_d, uniq_sigmund
D:3:      first_bread
D:4:      kennysheep_mini_moat, lightli_temple_of_fire, grunt_pakellas_mercury,
          uniq_crazy_yiuf_cottage, uniq_duvessa, uniq_menkaure
D:5:      grunt_temple_overflow_open, minmay_temple_entry_poolview,
          gup_ossuary_entry_pyramid, kennysheep_generic_room_12,
          uniq_blork_the_orc
D:6:      zin_purify, marbit_many_paths, dk_rats_in_the_wall
D:7:      lemuel_crystal_altar
D:8:      lemuel_round_altar, david_nohive_1, okawaru_ov_weapons_minmay,
          uniq_maurice, uniq_joseph
Temple:   temple_of_Zot_ovaries
Ossuary:  ossuary_tomb_2

Skill      XL: |  1  2  3  4  5  6  7  8  9 10 |
---------------+-------------------------------+-----
Unarmed Combat | 4 6 7 8 |  8.2
Poison Magic   | 2 |  2.0
Transmutations | 5 9 10 | 10.0
Fighting       | 5 |  5.2
Invocations    | 1 6 |  6.4
Dodging        | |  2.0
Spellcasting   | |  2.0
Evocations     | |  0.4

Action                   |  1- 3 |  4- 6 |  7- 9 | 10-12 || total
-------------------------+-------+-------+-------+-------++-------
Melee: Unarmed           |    70 |   135 |   359 |    63 ||   627
 Cast: Beastly Appendage |     1 |       |       |       ||     1
       Spider Form       |     2 |     7 |    27 |     1 ||    37
       Blade Hands       |       |       |     9 |     9 ||    18
Invok: Animate Remains   |       |       |       |     2 ||     2
 Abil: Evoke Berserk Rag |       |     1 |     6 |     2 ||     9
Evoke: Wand              |       |       |     4 |       ||     4
  Use: Scroll            |     4 |     7 |    13 |     1 ||    25
       Potion            |       |     1 |     1 |     2 ||     4
 Stab: Sleeping          |     3 |    11 |     1 |       ||    15
       Distracted        |       |       |     1 |       ||     1
  Eat: Chunk             |     2 |     9 |    18 |     5 ||    34
       Beef jerky        |       |       |     1 |       ||     1
       Bread ration      |       |       |     2 |     1 ||     3
       Royal jelly       |       |       |     1 |       ||     1
